Map: Echo LE (Void)

Players

VampyWorm

  • Race: Protoss Protoss
  • League: Grandmaster

Chuck - Winner!

  • Race: Zerg Zerg
  • League: Grandmaster

VOD

Have the link to the VOD?

Description

Time

  • Played on: June 11, 2015, 4:48 p.m.
  • Length: 9:47
Show
View Real Time Build Order
Export as new Build Order

VampyWorm Protoss 

Build Orders:  

Get SALT Encoding   

  12  0:01  Probe  
  13  0:14  Pylon  
  13  0:18  Probe  
  14  0:32  Probe (Chrono Boost)  
  14  0:34  Gateway  
  15  0:44  Probe (Chrono Boost)  
  16  0:51  Probe (Chrono Boost)  
  16  0:53  Assimilator  
  16  0:55  Assimilator  
  17  1:01  Probe (Chrono Boost)  
  18  1:06  Pylon  
  18  1:13  Probe (Chrono Boost)  
  19  1:21  Cybernetics Core  
  19  1:23  Probe (Chrono Boost)  
  20  1:32  Probe (Chrono Boost)  
  21  1:36  Forge  
  21  1:44  Probe (Chrono Boost)  
  22  1:52  Probe (Chrono Boost)  
  23  1:58  Warp Gate  
  23  2:02  Mothership Core  
  25  2:25  Probe (Chrono Boost)  
  25  2:28  Nexus  
  25  2:31  Protoss Ground Weapons Level 1  
  25  2:39  Adept  
  25  2:42  Probe (Chrono Boost)  
  28  2:54  Probe (Chrono Boost)  
  28  2:55  Pylon  
  29  3:00  Probe (Chrono Boost)  
  30  3:11  Probe  
  30  3:20  Gateway  
  30  3:22  Gateway  
  30  3:29  Pylon  
  30  3:39  Probe (Chrono Boost)  
  31  3:45  Probe (Chrono Boost), Pylon  
  33  3:50  Probe (Chrono Boost)  
  33  3:54  Probe (Chrono Boost)  
  34  3:59  Probe (Chrono Boost)  
  34  4:00  Probe (Chrono Boost)  
  36  4:09  Probe  
  37  4:12  Sentry, Probe  
  37  4:15  Sentry  
  42  4:19  Sentry  
  42  4:21  Probe  
  42  4:24  Probe (Chrono Boost)  
  46  4:36  Probe (Chrono Boost)  
  48  4:39  Probe (Chrono Boost), Stargate  
  48  4:41  Adept  
  48  4:42  Gateway  
  48  4:43  Adept, Pylon  
  53  4:46  Probe (Chrono Boost)  
  53  4:49  Probe  
  53  4:51  Assimilator  
  54  4:53  Assimilator  
  54  5:02  Stalker x2  
  54  5:05  Stalker  
  58  5:17  Probe  
  58  5:19  Protoss Ground Armor Level 1  
  59  5:24  Void Ray (Chrono Boost)  
  59  5:28  Probe  
  64  5:34  Probe  
  65  5:48  Probe x2 (Chrono Boost)  
  65  5:49  Nexus  
  67  5:51  Pylon  
  67  5:59  Probe (Chrono Boost)  
  67  6:00  Void Ray (Chrono Boost)  
  67  6:01  Probe (Chrono Boost)  
  71  6:21  Robotics Facility  
  71  6:22  Pylon  
  71  6:24  Stalker x3  
  77  6:28  Probe (Chrono Boost)  
  78  6:37  Probe (Chrono Boost)  
  80  6:40  Probe (Chrono Boost)  
  80  6:45  Twilight Council  
  80  6:46  Pylon  
  81  6:47  Probe (Chrono Boost)  
  81  6:49  Void Ray (Chrono Boost)  
  81  6:54  Probe (Chrono Boost)  
  86  6:57  Probe (Chrono Boost)  
  87  7:01  Zealot  
  87  7:04  Probe (Chrono Boost)  
  87  7:05  Zealot  
  87  7:08  Probe (Chrono Boost)  
  93  7:10  Probe  
  94  7:15  Warp Prism (Chrono Boost)  
  94  7:19  Probe  
  94  7:20  Protoss Ground Weapons Level 2  
  95  7:29  Stalker x3  
  101  7:32  Zealot  
  92  7:45  Observer (Chrono Boost)  
  80  7:53  Zealot  
  80  7:54  Zealot x3  
  64  8:05  Probe (Chrono Boost)  
  64  8:10  Probe (Chrono Boost)  
  59  8:18  Probe (Chrono Boost)  
  59  8:21  Probe (Chrono Boost)  
  59  8:25  Probe (Chrono Boost)  
  59  8:27  Probe (Chrono Boost)  
  61  8:34  Probe (Chrono Boost), Void Ray (Chrono Boost)  
  61  8:37  Zealot x4  
  61  8:39  Probe (Chrono Boost)  
  74  8:45  Probe x2 (Chrono Boost)  
  77  8:50  Probe (Chrono Boost)  
  77  8:53  Probe (Chrono Boost)  
  77  8:54  Probe (Chrono Boost)  
  79  8:57  Probe (Chrono Boost)  
  79  9:00  Probe  
  77  9:03  Probe (Chrono Boost)  
  77  9:08  Probe (Chrono Boost)  
  77  9:09  Robotics Bay  
  75  9:12  Assimilator  
  75  9:13  Probe (Chrono Boost), Assimilator  
  75  9:15  Probe (Chrono Boost)  
  77  9:20  Probe (Chrono Boost)  
  77  9:21  Pylon  
  77  9:23  Probe (Chrono Boost)  
  80  9:25  Probe (Chrono Boost)  
  80  9:27  Probe (Chrono Boost)  
  80  9:29  Probe (Chrono Boost)  
  82  9:32  Probe  
  82  9:35  Stalker  
  82  9:36  Stalker, Zealot  
Show
View Real Time Build Order
Export as new Build Order

Chuck Zerg - Winner!

Build Orders: Hatch First, Lurkers 

Get SALT Encoding   

  12  0:01  Drone  
  13  0:08  Drone  
  14  0:16  Overlord  
  14  0:29  Extractor  
  14  0:30  Drone  
  14  0:35  Drone x2  
  17  0:56  Hatchery  
  16  0:57  Drone  
  17  1:14  Spawning Pool  
  17  1:15  Drone, Extractor  
  16  1:20  Drone  
  17  1:28  Overlord  
  17  1:32  Drone  
  18  1:40  Drone  
  19  2:01  Queen, Zergling x4  
  23  2:09  Zergling x2  
  23  2:10  Queen  
  23  2:11  Drone  
  27  2:20  Drone  
  28  2:24  Metabolic Boost  
  28  2:28  Drone  
  29  2:33  Drone  
  29  2:34  Drone  
  31  2:42  Overlord  
  31  2:43  Drone  
  32  2:54  Drone x2  
  34  3:02  Drone  
  34  3:04  Drone  
  35  3:12  Zergling x6  
  37  3:15  Drone x2  
  38  3:21  Hatchery  
  37  3:27  Roach Warren  
  37  3:29  Drone  
  37  3:32  Drone  
  38  3:36  Drone  
  38  3:37  Drone  
  38  3:40  Drone  
  41  3:43  Lair  
  41  3:46  Drone, Extractor  
  42  3:48  Drone  
  42  3:50  Extractor  
  42  3:52  Extractor  
  42  3:55  Drone  
  41  3:57  Evolution Chamber  
  41  3:58  Drone  
  41  4:00  Drone  
  42  4:05  Drone x2  
  42  4:07  Overlord  
  44  4:15  Overlord  
  44  4:24  Zerg Missile Weapons Level 1  
  44  4:26  Drone  
  44  4:27  Drone x5  
  44  4:28  Drone  
  51  4:32  Overlord  
  51  4:35  Roach  
  53  4:42  Glial Reconstitution  
  53  4:44  Hydralisk Den  
  53  4:45  Roach  
  54  4:49  Drone  
  54  4:51  Evolution Chamber  
  56  4:52  Roach  
  56  4:57  Drone x3  
  59  5:00  Roach  
  59  5:03  Zergling x2  
  59  5:04  Zergling x2  
  63  5:11  Zergling x8  
  64  5:14  Zergling x4  
  64  5:18  Zergling x4  
  64  5:19  Zergling x2  
  69  5:25  Zergling x6  
  69  5:27  Zergling x4  
  73  5:33  Lurker Den, Zerg Ground Armor Level 1  
  73  5:35  Overlord  
  72  5:44  Overlord  
  72  5:50  Overlord  
  72  6:03  Hydralisk x2  
  72  6:04  Hatchery  
  72  6:06  Hydralisk  
  77  6:16  Hydralisk x3  
  83  6:20  Overlord  
  83  6:24  Hydralisk  
  85  6:25  Hydralisk  
  85  6:28  Hydralisk  
  89  6:35  Roach  
  89  6:37  Overlord  
  89  6:39  Hydralisk  
  91  6:41  Roach  
  95  6:47  Hydralisk x2  
  95  6:53  Overlord x2  
  99  6:58  Overlord  
  99  7:08  Lurker  
  100  7:11  Overlord  
  100  7:13  Hydralisk x3  
  106  7:19  Zerg Missile Weapons Level 2  
  106  7:28  Roach x4  
  106  7:29  Lurker  
  115  7:43  Hydralisk  
  115  7:44  Hydralisk x4  
  101  7:47  Lurker  
  95  7:55  Hydralisk x2  
  95  7:57  Zergling x4  
  92  8:00  Zergling x4  
  92  8:02  Lurker  
  92  8:04  Zergling x4  
  92  8:11  Hydralisk x2  
  90  8:23  Hydralisk x2  
  90  8:26  Drone x2  
  91  8:27  Queen  
  93  8:34  Roach x2  
  93  8:35  Roach  
  93  8:37  Overseer  
  93  8:40  Roach x2  
  103  8:41  Zergling x2  
  103  8:42  Zergling x2  
  103  8:56  Drone x2  
  103  8:57  Drone x3  
  106  9:09  Roach x4  
  114  9:12  Spine Crawler  
  114  9:15  Spine Crawler  
  114  9:16  Infestation Pit  
  111  9:21  Roach x4  
Tags
 
Composition
Lurkers
Matchup
PvZ
Replay Pack
pvz
Add a new tag
Caveats
  • Supply blocks, unpowered buildings, or Contaminate may cause inaccurate times.
  • Supply counts are checked every 10 seconds.